 Dungeon Crawl Stone Soup version 0.21-a0-274-gc1afaeb (webtiles) character file.

104 motkurip the Poker (level 4, -5/33 HPs)
             Began as a Merfolk Skald on Sept 19, 2017.
             Slain by a gnoll
             ... wielding a +0 spear
              (6 damage)
             ... on level 2 of the Dungeon.
             The game lasted 00:06:48 (1139 turns).

motkurip the Poker (Merfolk Skald)                  Turns: 1139, Time: 00:06:49

Health: -5/33      AC:  3    Str: 11    XL:     4   Next: 80%
Magic:  9/16       EV: 12    Int: 12    God:
Gold:   53         SH:  0    Dex: 14    Spells: 1/7 levels left

rFire    . . .     SeeInvis .   a - +0 spear
rCold    . . .     Gourm    .   (no shield)
rNeg     . . .     Faith    .   b - +0 leather armour
rPois    .         Spirit   .   (no helmet)
rElec    .         Reflect  .   (no cloak)
rCorr    .         Harm     .   (no gloves)
MR       .....                  (no boots)
Stlth    +.........             (no amulet)
HPRegen  0.11/turn              l - ring of magical power
MPRegen  0.15/turn              (no ring)

@: very slightly contaminated
A: change form in water, swift swim, stealthy swim
a: no special abilities


You were on level 2 of the Dungeon.
You were not hungry.

You visited 1 branch of the dungeon, and saw 2 of its levels.

You collected 53 gold pieces.

Inventory:

Hand Weapons
 a - a +0 spear (weapon)
Missiles
 j - 4 javelins (quivered)
Armour
 b - a +0 leather armour (worn)
 n - a cursed +0 ring mail
Jewellery
 l - a ring of magical power (left hand)
Scrolls
 e - a scroll of noise {unknown}
 f - a scroll of enchant weapon {unknown}
 g - 3 scrolls of identify {unknown}
 h - a scroll of blinking {unknown}
 o - a scroll of magic mapping {unknown}
 p - a scroll of amnesia {unknown}
Potions
 m - a potion of might {unknown}
Books
 c - a book of Battle

   Spells                             Type                      Level
   a - Infusion                       Charms                       1
   b - Shroud of Golubria             Charms/Translocation         2
   c - Song of Slaying                Charms                       2
   d - Spectral Weapon                Hexes/Charms                 3
   e - Regeneration                   Charms/Necromancy            3
Comestibles
 d - 2 bread rations
 i - a royal jelly
 k - 5 fruits


   Skills:
 - Level 2.1 Fighting
 - Level 6.0 Polearms
 - Level 0.6 Armour
 - Level 2.6 Dodging
 - Level 2.0 Spellcasting
 + Level 1.5 Hexes
 + Level 3.7 Charms


You had one spell level left.
You knew the following spells:

 Your Spells              Type           Power        Failure   Level  Hunger
a - Infusion              Chrm           ##..         8%          1    ##.....
b - Shroud of Golubria    Chrm/Tloc      #.........   26%         2    ###....
c - Spectral Weapon       Hex/Chrm       #.......     36%         3    ####...


Dungeon Overview and Level Annotations

Branches:
Dungeon (2/15)

Altars:


Message History

Press: ? - help, Dir - move target cursor, f/p - gnoll
Aim: a gnoll, wielding a spear and wearing a thick steel amulet (almost dead)
You reach to attack!
You hit the gnoll.
The gnoll is almost dead.
The gnoll hits you from afar with a spear!
You are too injured to fight recklessly!
The gnoll hits you with a spear!
* * * LOW HITPOINT WARNING * * *
You see here a rat corpse.
You barely miss the gnoll.
The gnoll is almost dead.
The gnoll hits you with a spear.
* * * LOW HITPOINT WARNING * * *
You closely miss the gnoll.
The gnoll is almost dead.
The gnoll closely misses you.
You completely miss the gnoll.
The gnoll is almost dead.
The gnoll hits you with a spear.
You die...

#.##.....#
#.##.....# #....
#.##.....# #....
#.##.....# #....
#.######## #...#
#†# ...## ##.# )..
...### #g# .....#
#@# .#.#.# #.#
.....###########.#
.................#
####.#############
####.# .....#
######


You could see a gnoll.

Vanquished Creatures
  4 adders (D:2)
  An ooze (D:2)
  3 dart slugs (D:1)
  2 leopard geckos
  4 giant cockroaches
  7 goblins
  5 hobgoblins
  10 jackals (D:1)
  A quokka (D:1)
  3 bats
  2 frilled lizards
  4 kobolds
  8 rats
54 creatures vanquished.

Notes
Turn   | Place    | Note
-------+----------+-------------------------------------------
     0 | D:1      | motkurip the Merfolk Skald began the quest for the Orb.
     0 | D:1      | Reached XP level 1. HP: 16/16 MP: 3/3
    59 | D:1      | Reached skill level 4 in Polearms
    59 | D:1      | Reached XP level 2. HP: 12/22 MP: 0/5
   201 | D:1      | Learned a level 2 spell: Shroud of Golubria
   335 | D:1      | Reached XP level 3. HP: 23/27 MP: 0/6
   336 | D:1      | Reached skill level 5 in Polearms
   539 | D:1      | Learned a level 3 spell: Spectral Weapon
   592 | D:2      | Reached skill level 6 in Polearms
   592 | D:2      | Reached XP level 4. HP: 9/33 MP: 6/7
   885 | D:2      | Reached skill level 1 in Hexes
  1137 | D:2      | HP: 1/33 [gnoll/spear (3)]
  1139 | D:2      | Slain by a gnoll

Vault maps used:
D:1:      dpeg_arrival_long_road
D:2:      first_bread, nicolae_dithmenos_through_a_glass_darkly

Skill      XL: |  1  2  3  4 |
---------------+-------------+-----
Polearms       | 4 6 |  6.0
Hexes          | 1 |  1.5
Fighting       | |  2.1
Armour         | |  0.6
Dodging        | |  2.6
Spellcasting   | |  2.0
Charms         | |  3.7

Action                   |  1- 3 |  4- 6 || total
-------------------------+-------+-------++-------
Melee: Spear             |   126 |    96 ||   222
Throw: Javelin           |     1 |       ||     1
 Cast: Infusion          |     5 |     2 ||     7
       Shroud of Golubri |     3 |    10 ||    13
       Spectral Weapon   |       |     1 ||     1
  Eat: Chunk             |       |     3 ||     3
Armor: Leather armour    |    22 |    10 ||    32
Dodge: Dodged            |    59 |    47 ||   106

Table legend:
 A = Spawn XP
 B = Non-spawn XP
 C = Spawn XP percentage of total XP
 D = Spawn monster count
 E = Non-spawn monster count
 F = Spawn count percentage of total count
 G = Total turns spent on level
                    A         B        C        D         E        F      G
               +---------+---------+-------+---------+---------+-------+---------
         Total |       0 |     149 |   0.0 |       0 |      54 |   0.0 |  1139
               +---------+---------+-------+---------+---------+-------+---------
           D:1 |       0 |      60 |   0.0 |       0 |      31 |   0.0 |   585
           D:2 |       0 |      89 |   0.0 |       0 |      23 |   0.0 |   554
               +---------+---------+-------+---------+---------+-------+---------
